 Dungeon Crawl Stone Soup version 0.21-a0-630-g344d351 (webtiles) character file.

30896 Gildeon the Thaumaturge (level 12, -4/88 HPs)
             Began as a Demigod Conjurer on Dec 23, 2017.
             Killed from afar by an ice statue (19 damage)
             ... with a freezing blast
             ... in an ice cave on Dec 25, 2017.
             The game lasted 03:30:33 (18299 turns).

Gildeon the Thaumaturge (Demigod Conjurer)         Turns: 18299, Time: 03:30:34

Health: -4/88      AC: 16    Str: 13    XL:     12   Next: 94%
Magic:  0/39       EV: 14    Int: 26    God:
Gold:   1007       SH:  0    Dex: 20    Spells: 3/31 levels left

rFire    . . .     SeeInvis +   i - +2 short sword (drain)
rCold    . . .     Gourm    .   (no shield)
rNeg     . . .     Faith    .   C - +2 steam dragon scales
rPois    .         Spirit   +   e - +0 helmet
rElec    .         Reflect  .   a - +1 cloak
rCorr    .         Harm     .   d - +0 pair of gloves
MR       +....                  q - +1 pair of boots
Stlth    ++........             m - amulet of guardian spirit
HPRegen  0.64/turn              r - ring of magical power
MPRegen  0.26/turn              v - +5 ring of intelligence

@: no status effects
A: iridescent scales 1, see invisible, high mp 1, regeneration 1
a: no special abilities


You were in an ice cave.
You were not hungry.

You visited 2 branches of the dungeon, and saw 15 of its levels.
You also visited: Ice Cave.

You collected 1007 gold pieces.

Inventory:

Hand Weapons
 i - a +2 short sword of draining (weapon)
Armour
 a - a +1 cloak (worn)
 d - a +0 pair of gloves (worn)
 e - a +0 helmet (worn)
 q - a +1 pair of boots (worn)
 C - +2 steam dragon scales (worn)
Jewellery
 b - an uncursed ring of positive energy
 m - an amulet of guardian spirit (around neck)
 r - a ring of magical power (left hand)
 u - an uncursed ring of fire
 v - a +5 ring of intelligence (right hand)
Wands
 j - a wand of acid (10)
Scrolls
 f - 4 scrolls of teleportation
 g - a scroll of fear
 l - a scroll of fog
 w - 8 scrolls of remove curse
 x - 2 scrolls of identify
Potions
 h - 2 potions of flight
 n - 3 potions of ambrosia
 s - a potion of agility
 t - 2 potions of haste
 z - 3 potions of cancellation
 A - 2 potions of brilliance
 B - a potion of invisibility
Books
 y - a book of Flames

   Spells                             Type                      Level
   a - Flame Tongue                   Conjuration/Fire             1
   b - Throw Flame                    Conjuration/Fire             2
   c - Conjure Flame                  Conjuration/Fire             3
   d - Inner Flame                    Hexes/Fire                   3
   e - Sticky Flame                   Conjuration/Fire             4
   f - Fireball                       Conjuration/Fire             5
Comestibles
 c - 20 rations


   Skills:
 - Level 2.6 Fighting
 - Level 4.3 Short Blades
 - Level 2.7 Armour
 - Level 3.4 Dodging
 - Level 2.5 Stealth
 - Level 10.0 Spellcasting
 - Level 10.0 Conjurations
 - Level 10.0 Hexes
 + Level 7.1 Translocations
 - Level 5.4 Fire Magic
 - Level 2.7 Evocations


You had 3 spell levels left.
You knew the following spells:

 Your Spells              Type           Power        Failure   Level  Hunger
a - Flame Tongue          Conj/Fire      #####        1%          1    None
b - Magic Dart            Conj           ####         1%          1    None
c - Searing Ray           Conj           ######       1%          2    None
d - Throw Flame           Conj/Fire      ######       1%          2    None
e - Conjure Flame         Conj/Fire      ######..     1%          3    None
f - Dazzling Spray        Conj/Hex       ######       1%          3    None
g - Force Lance           Conj/Tloc      ######..     1%          4    None
h - Fulminant Prism       Conj/Hex       ######....   1%          4    None
i - Iskenderun's Mystic   Conj           ######..     1%          4    None
j - Sticky Flame          Conj/Fire      ######..     1%          4    None


Dungeon Overview and Level Annotations

Branches:
Dungeon (10/15)            Temple (0/1) D:6            Lair (5/6) D:9
  Swamp (0/4) Lair:3       Spider (0/4) Lair:3
  Slime: Lair:5-6       Orc: D:9-12

Annotations:
IceCv exclusion: ice statue


Innate Abilities, Weirdness & Mutations

You have an increased reservoir of magic. (+10% MP)
You are partially covered in iridescent scales. (AC +2)
You have supernaturally acute eyesight. (SInv)
Your natural rate of healing is unusually fast.


Message History

Confirm with . or Enter, or press ? or * to list all spells.
You don't have enough magic to cast that spell.
Unknown command.
You hit the ice statue.
The ice statue is severely damaged.
You are engulfed in freezing vapours.
The ice statue burns!
The ice statue glitters chillingly in the dim dungeon light.
You hit the ice statue but do no damage.
The ice statue is almost destroyed.
You are engulfed in freezing vapours.
The ice statue burns!
The ice beast misses you.
You hit the ice statue but do no damage.
The ice statue is almost destroyed.
You are engulfed in freezing vapours.
* * * LOW HITPOINT WARNING * * *
The ice beast hits you but does no damage.
The ice statue glitters chillingly in the dim dungeon light.
The ice statue gestures at you. The freezing blast engulfs you!
You die...

##........ ####
#......... ##..##
##........
##....######.........
#.......##...........
#..∩∩.............⌠..
#....................
##....##..##.§§......
##..########@§......
#### #8§Y......
##§....... ##.......
##..... #####


You could see an ice statue (burning) and an ice beast.

Vanquished Creatures
  Harold (Lair:4)
  4 hydras
  Pikel (D:7)
  8 black mambas
  Joseph (D:8)
  An ice statue (IceCv)
  A torpor snail (Lair:1)
  8 spiny frogs
  A rime drake (Lair:3)
  6 komodo dragons
  A demonic crawler (Lair:3)
  2 ice devils (IceCv)
  A blink frog (Lair:3)
  A polar bear (Lair:3)
  Prince Ribbit (D:6)
  A hornet (D:7)
  Grinder (D:6)
  4 hippogriffs
  A spriggan (Lair:3)
  54 yaks
  5 fire bats
  3 hogs (D:8)
  A human (D:8)
  A steam dragon (D:5)
  A hungry ghost (D:8)
  Menkaure (D:4)
  6 water moccasins
  9 porcupines
  4 orc warriors
  2 ice beasts
  4 slaves (D:7)
  4 sky beasts
  2 eyes of draining
  A black bear (Lair:3)
  7 wolves
  A necrophage (D:9)
  4 phantoms
  A boggart (D:8)
  7 crocodiles
  5 ogres
  A gnoll sergeant (D:9)
  9 bullfrogs
  A wyvern zombie (D:7)
  4 scorpions
  8 wights (D:8)
  2 howler monkeys
  4 electric eels (Lair:3)
  2 hounds
  A bullfrog zombie (D:8)
  A quasit (D:7)
  A centaur zombie (D:6)
  2 bullfrog skeletons
  A jelly (D:9)
  A gnoll shaman (D:8)
  An orc priest (D:9)
  7 orc wizards
  Jessica (D:2)
  Ijyb (D:3)
  3 iguanas
  Natasha (thrice) (D:2)
  13 worker ants
  A killer bee zombie (D:6)
  2 hound zombies
  A hound skeleton (D:6)
  A howler monkey zombie (D:7)
  14 gnolls
  10 adders
  A river rat (D:3)
  An ooze (D:2)
  3 adder skeletons
  An adder zombie (D:9)
  3 worms
  2 dart slugs (D:1)
  7 leopard geckos
  45 orcs
  5 bats
  11 giant cockroaches
  13 goblins
  4 hobgoblins
  10 jackals
  10 kobolds
  5 quokkas
  2 ball pythons
  8 frilled lizards
  A leopard gecko skeleton (D:6)
  A quokka zombie (D:6)
  6 rats
  3 fulminant prisms
  2 fungi (Lair:2)
408 creatures vanquished.

Vanquished Creatures (others)
  28 fulminant prisms
  A fungus (Lair:1)
29 creatures vanquished.

Grand Total: 437 creatures vanquished

Notes
Turn   | Place    | Note
-------+----------+-------------------------------------------
     0 | D:1      | Gildeon the Demigod Conjurer began the quest for the Orb.
     0 | D:1      | Reached XP level 1. HP: 14/14 MP: 5/5
   314 | D:1      | Reached XP level 2. HP: 20/20 MP: 0/8
   366 | D:1      | Learned a level 2 spell: Searing Ray
   733 | D:1      | Reached XP level 3. HP: 26/26 MP: 3/10
   827 | D:1      | Learned a level 3 spell: Dazzling Spray
  1200 | D:2      | Noticed Natasha
  1206 | D:2      | Killed Natasha
  1426 | D:2      | Found a glowing silver altar of Zin.
  1435 | D:2      | Noticed Natasha
  1435 | D:2      | Reached XP level 4. HP: 33/33 MP: 10/12
  1446 | D:2      | Killed Natasha
  1450 | D:2      | Noticed Natasha
  1457 | D:2      | Killed Natasha
  1569 | D:2      | Found a hide-covered altar of Uskayaw.
  1779 | D:2      | Noticed Jessica
  1787 | D:2      | Killed Jessica
  1787 | D:2      | Reached XP level 5. HP: 32/38 MP: 3/15
  1967 | D:2      | Found a sacrificial altar of Ru.
  2017 | D:2      | Learned a level 4 spell: Iskenderun's Mystic Blast
  2105 | D:2      | Found a faded altar of an unknown god.
  2178 | D:3      | Reached skill level 5 in Spellcasting
  2184 | D:3      | Learned a level 4 spell: Force Lance
  2226 | D:3      | Found a deep blue altar of Sif Muna.
  2447 | D:3      | Noticed Ijyb
  2447 | D:3      | Noticed a sky beast
  2456 | D:3      | Killed a sky beast
  2456 | D:3      | Reached XP level 6. HP: 15/45 MP: 8/16
  2461 | D:3      | Killed Ijyb
  2461 | D:3      | Reached skill level 5 in Conjurations
  2859 | D:3      | Reached skill level 1 in Hexes
  3620 | D:4      | Gained mutation: You have supernaturally acute eyesight. (SInv) [potion of mutation]
  3620 | D:4      | Gained mutation: Your natural rate of healing is unusually fast. [potion of mutation]
  3620 | D:4      | Gained mutation: You are partially covered in iridescent scales. (AC +2) [potion of mutation]
  4003 | D:4      | Found an iron altar of Okawaru.
  4181 | D:4      | Noticed Menkaure
  4187 | D:4      | Killed Menkaure
  4187 | D:4      | Reached XP level 7. HP: 50/50 MP: 17/17
  4370 | D:5      | Entered Level 5 of the Dungeon
  4733 | D:5      | Upgraded the game from 0.21-a0-618-g6cbd37f to 0.21-a0-621-gc60411f
  4787 | D:5      | Found a bloodstained altar of Trog.
  5014 | D:5      | Noticed a steam dragon
  5016 | D:5      | Noticed a steam dragon
  5050 | D:5      | Reached skill level 5 in Hexes
  5377 | D:5      | Found a radiant altar of Vehumet.
  5447 | D:6      | Noticed Prince Ribbit
  5453 | D:5      | Reached skill level 1 in Translocations
  5611 | D:6      | Reached XP level 8. HP: 57/57 MP: 14/19
  5830 | D:6      | Found a staircase to the Ecumenical Temple.
  5908 | D:6      | Reached skill level 5 in Translocations
  6052 | D:6      | Killed Prince Ribbit
  6175 | D:6      | Noticed Grinder
  6185 | D:6      | Paralysed by Grinder for 4 turns
  6192 | D:6      | Killed Grinder
  6217 | D:6      | Reached skill level 1 in Armour
  6507 | D:7      | Reached XP level 9. HP: 59/62 MP: 18/20
  6518 | D:7      | Learned a level 4 spell: Fulminant Prism
  6562 | D:7      | Found a snail-covered altar of Cheibriados.
  6569 | D:7      | Reached skill level 1 in Short Blades
  6653 | D:7      | Noticed Pikel
  6698 | D:7      | Killed Pikel
  6815 | D:7      | Paralysed by a hornet for 1 turns
  7909 | D:8      | Noticed Maurice
  7910 | D:8      | Noticed Maurice
  7910 | D:8      | Maurice changed into Maurice the boggart
  7918 | D:8      | Killed Maurice the boggart
  8295 | D:8      | Noticed Joseph
  8316 | D:8      | Killed Joseph
  8501 | D:8      | Reached XP level 10. HP: 74/74 MP: 24/24
  9365 | D:9      | Learned a level 1 spell: Flame Tongue
  9368 | D:9      | Learned a level 2 spell: Throw Flame
  9372 | D:9      | Learned a level 3 spell: Conjure Flame
  9374 | D:9      | Found a staircase to the Lair.
  9443 | D:9      | Reached skill level 1 in Fire Magic
  9447 | D:9      | Found a basalt altar of Yredelemnul.
  9562 | D:9      | Found a roughly hewn altar of Beogh.
  9918 | D:9      | Found an ancient bone altar of Kikubaaqudgha.
  9991 | D:10     | Entered Level 10 of the Dungeon
 10030 | Lair:1   | Entered Level 1 of the Lair of Beasts
 10031 | Lair:1   | Upgraded the game from 0.21-a0-621-gc60411f to 0.21-a0-625-g1119ec1
 10072 | Lair:1   | Reached skill level 5 in Fire Magic
 10411 | Lair:1   | Noticed a torpor snail
 10425 | Lair:1   | Killed a torpor snail
 10497 | Lair:1   | Reached XP level 11. HP: 69/80 MP: 16/28
 10714 | Lair:1   | Learned a level 4 spell: Sticky Flame
 11173 | Lair:1   | Reached skill level 10 in Spellcasting
 11729 | Lair:1   | Upgraded the game from 0.21-a0-625-g1119ec1 to 0.21-a0-630-g344d351
 13648 | Lair:3   | Reached skill level 10 in Conjurations
 13739 | Lair:3   | Reached XP level 12. HP: 88/88 MP: 11/30
 14184 | Lair:3   | Found a hole to the Spider Nest.
 14239 | Lair:3   | Noticed a six-headed hydra
 14250 | Lair:3   | Killed a six-headed hydra
 14370 | Lair:3   | Noticed a six-headed hydra
 14370 | Lair:3   | Noticed an eight-headed hydra
 14395 | Lair:3   | Killed a six-headed hydra
 15306 | Lair:3   | Found a staircase to the Swamp.
 15316 | Lair:3   | Killed an eight-headed hydra
 15833 | D:3      | Identified Sif Muna's Compendium of Cold
 16616 | Lair:4   | Reached skill level 10 in Hexes
 16885 | Lair:4   | Noticed a six-headed hydra
 16899 | Lair:4   | Killed a six-headed hydra
 17080 | Lair:4   | Noticed Harold
 17089 | Lair:4   | Killed Harold
 17875 | Lair:5   | Found a frozen archway.
 17881 | IceCv    | Entered an ice cave
 18299 | IceCv    | Killed from afar by an ice statue

Vault maps used:
D:1:      lemuel_arrival_river_ford
D:2:      nicolae_ru_path_of_blood, eat_drink_and_be_merry_uskayaw,
          zin_statuary, chequers_ecumenical_altar_twisty,
          kennysheep_jessica_study, uniq_natasha
D:3:      led_sif_book, portal_sewer_entry_a, uniq_ijyb
D:4:      kennysheep_okawaru_gauntlet, first_ration, uniq_menkaure
D:5:      kennysheep_steamy, vehumet_altar_wand_db, kennysheep_little_box,
          corexii_shack
D:6:      minmay_temple_entry_glass, uniq_grinder, uniq_prince_ribbit1
D:7:      old_standard_altar, uniq_pikel
D:8:      grunt_livestock, uniq_maurice, uniq_joseph
D:9:      overflow_temple_1_default, kennysheep_mini, lair_entry_dummy,
          special_room, lightli_corner_chamber
D:10:     serial_shops, kennysheep_mini_moat, fedhas_altar_decomposition
Lair:3:   minmay_swamp_entry_eels, nicolae_spider_entry_non_spiders,
          st_stairs_8, grunt_forest_stairs_clearing, grunt_megastairs_1
Lair:4:   lemuel_fruit_tree, uniq_harold
Lair:5:   portal_ice_cave_entry_pillars_1, beast_lair_carwin_2,
          minmay_lair_oklob_chamber, lemuel_fruit_fields
IceCv:    ice_cave_tombish

Skill      XL: |  1  2  3  4  5  6  7  8  9 10 11 12 |
---------------+-------------------------------------+-----
Spellcasting   | 2 3 4 5 7 9 10 | 10.0
Conjurations   | 4 5 10 | 10.0
Hexes          | 3 5 10 | 10.0
Translocations | 3 5 7 |  7.1
Evocations     | 2 |  2.7
Stealth        | 2 |  2.5
Dodging        | 3 |  3.4
Armour         | 2 |  2.7
Short Blades   | 4 |  4.3
Fighting       | 2 |  2.6
Fire Magic     | 5 |  5.4

Action                   |  1- 3 |  4- 6 |  7- 9 | 10-12 || total
-------------------------+-------+-------+-------+-------++-------
Melee: Short sword       |    25 |    16 |    39 |   220 ||   300
 Cast: Magic Dart        |    57 |   138 |   171 |    47 ||   413
       Searing Ray       |     1 |    11 |    32 |    31 ||    75
       Dazzling Spray    |       |     2 |     1 |    24 ||    27
       Iskenderun's Myst |       |       |    13 |    36 ||    49
       Fulminant Prism   |       |       |     4 |    27 ||    31
       Force Lance       |       |       |     3 |    79 ||    82
       Flame Tongue      |       |       |       |    52 ||    52
       Throw Flame       |       |       |       |   200 ||   200
       Conjure Flame     |       |       |       |     4 ||     4
       Sticky Flame      |       |       |       |    22 ||    22
Evoke: Wand              |       |       |    48 |   121 ||   169
  Use: Scroll            |     2 |    13 |     8 |    16 ||    39
       Potion            |       |     2 |     2 |     8 ||    12
 Stab: Sleeping          |       |       |     3 |       ||     3
  Eat: Chunk             |     2 |     3 |     4 |     6 ||    15
       Ration            |       |     2 |     3 |     8 ||    13
Armor: Leather armour    |    14 |     9 |    58 |     7 ||    88
       Steam dragon scal |       |       |       |   167 ||   167
Dodge: Dodged            |    28 |    34 |   100 |   309 ||   471

Table legend:
 A = Spawn XP
 B = Non-spawn XP
 C = Spawn XP percentage of total XP
 D = Spawn monster count
 E = Non-spawn monster count
 F = Spawn count percentage of total count
 G = Total turns spent on level
                    A         B        C        D         E        F      G
               +---------+---------+-------+---------+---------+-------+---------
         Total |       0 |   44138 |   0.0 |       0 |     399 |   0.0 | 18299
               +---------+---------+-------+---------+---------+-------+---------
           D:1 |       0 |      53 |   0.0 |       0 |      29 |   0.0 |  1061
           D:2 |       0 |     217 |   0.0 |       0 |      24 |   0.0 |  1099
           D:3 |       0 |     362 |   0.0 |       0 |      26 |   0.0 |  1340
           D:4 |       0 |     391 |   0.0 |       0 |      15 |   0.0 |  1048
           D:5 |       0 |     473 |   0.0 |       0 |      16 |   0.0 |  1550
           D:6 |       0 |    1615 |   0.0 |       0 |      33 |   0.0 |   928
           D:7 |       0 |    2125 |   0.0 |       0 |      27 |   0.0 |  1282
           D:8 |       0 |    3520 |   0.0 |       0 |      41 |   0.0 |  1473
           D:9 |       0 |    2231 |   0.0 |       0 |      50 |   0.0 |   775
        Lair:1 |       0 |    6652 |   0.0 |       0 |      27 |   0.0 |  1969
        Lair:2 |       0 |    7500 |   0.0 |       0 |      37 |   0.0 |  1688
        Lair:3 |       0 |    9648 |   0.0 |       0 |      43 |   0.0 |  1887
        Lair:4 |       0 |    8248 |   0.0 |       0 |      28 |   0.0 |  1648
         IceCv |       0 |    1103 |   0.0 |       0 |       3 |   0.0 |   418
               +---------+---------+-------+---------+---------+-------+---------
